 Dungeon Crawl Stone Soup version 0.31-a0-1615-ga12eea2 (webtiles) character file.

Game seed: 1733282611582972043

597 PidgeyThePirate the Covered (level 7, -1/56 HPs)
             Began as a Demonspawn Fighter on Jan 9, 2024.
             Was a Follower of Wu Jian.
             Slain by a gnoll
             ... wielding a +0 spear
              (6 damage)
             ... on level 5 of the Dungeon.
             The game lasted 00:08:06 (3847 turns).

PidgeyThePirate the Covered (Demonspawn Fighter)    Turns: 3847, Time: 00:08:07

Health: -1/56      AC:  9    Str: 17    XL:     7   Next: 17%
Magic:  2/7        EV:  9    Int:  8    God:    Wu Jian [*.....]
Gold:   108        SH:  5    Dex: 14    Spells: 6/6 levels left

rFire   . . .        m - +2 dagger (venom)
rCold   + . .        c - +0 buckler
rNeg    + . .        y - +1 scale mail {rN+}
rPois   .            (no helmet)
rElec   .            A - scarf {repulsion}
rCorr   .            (no gloves)
SInv    .            (no boots)
Will    +....        (no amulet) Stlth
                     j - ring of protection from cold
HPRegen 0.29/turn    l - ring of willpower
MPRegen 0.10/turn

%: repel missiles
@: no status effects
A: claws 1, rugged brown scales 1, demonic magic 1
a: Renounce Religion


You were on level 5 of the Dungeon.
You worshipped Wu Jian.
Wu Jian was aware of your devotion.
You visited 1 branch of the dungeon, and saw 5 of its levels.

You collected 108 gold pieces.

Inventory:

Hand Weapons
 a - a +0 rapier
 m - a +2 dagger of venom (weapon)
Armour
 b - a +0 scale mail
 c - a +0 buckler (worn)
 y - a +1 scale mail of positive energy (worn)
 A - a scarf of repulsion (worn)
Jewellery
 j - a ring of protection from cold (left claw)
 l - a ring of willpower (right claw)
 p - a ring of positive energy
 r - a ring of positive energy
 u - a ring of resist corrosion
Wands
 z - a wand of mindburst (11)
Scrolls
 e - 2 scrolls of fear {unknown}
 f - 6 scrolls of teleportation {unknown}
 h - 3 scrolls of enchant weapon {unknown}
 n - a scroll of enchant armour {unknown}
 s - 2 scrolls of vulnerability {unknown}
 v - a scroll of noise {unknown}
 x - 3 scrolls of identify {unknown}
Potions
 d - 2 potions of might
 g - a potion of curing {unknown}
 i - a potion of berserk rage {unknown}
 k - a potion of cancellation
 o - a potion of enlightenment {unknown}
 q - 2 potions of attraction {unknown}
 t - a potion of lignification {unknown}
 w - a potion of brilliance {unknown}


   Skills:
 + Level 4.4 Fighting
 - Level 2.3 Short Blades
 + Level 4.9 Armour
 + Level 1.4 Dodging
 + Level 0.7 Stealth
 + Level 4.0 Shields
 * Level 2.4 Unarmed Combat


You had 6 spell levels left.
You didn't know any spells.
Your spell library contained the following spells:

 Spells                   Type           Power      Damage    Failure   Level
 Manifold Assault         Tloc           0%         N/A       100%        4
 Dispersal                Tloc           0%         N/A       100%        6
 Disjunction              Tloc           0%         N/A       100%        8


Dungeon Overview and Level Annotations

Branches:
Dungeon (5/15)
 Temple: D:4-7

Altars:
Makhleb
Uskayaw
Wu Jian

Shops:
D:3 :

Annotations:
D:5 Menkaure


Innate Abilities, Weirdness & Mutations

You have sharp fingernails.
You are partially covered in rugged brown scales. (AC +1, +3% HP)
Spells you cast may paralyse adjacent enemies.


Message History

You are poisoned.
A bombardier beetle comes into view.
You feel very sick. The gnoll closely misses you.
You feel sick. The gnoll attacks as it pursues you!
The gnoll hits you from afar with a +0 spear.
You feel sick.
You feel sick. The gnoll attacks as it pursues you!
The gnoll hits you from afar with a +0 spear.
The gnoll barely misses you.
You feel sick. The gnoll attacks as it pursues you!
The gnoll hits you from afar with a +0 spear.
You lunge at the gnoll.
You barely miss the gnoll.
You feel sick. The gnoll hits you with a +0 spear!
You spin and attack the gnoll.
You hit the gnoll.
The gnoll looks even sicker.
The gnoll is almost dead.
You feel sick.
You kill the gnoll!
The Council accepts your kill. The gnoll barely misses you.
You feel sick. The gnoll attacks as it pursues you!
The gnoll barely misses you.
You feel sick.
You are no longer poisoned.
You lunge at the gnoll.
You hit the gnoll.
The gnoll is poisoned.
The gnoll is heavily wounded.
You block the gnoll's attack.
The gnoll hits you from afar with a +0 spear.
You closely miss the gnoll.
The gnoll is heavily wounded.
The gnoll hits you with a +2 antimagic halberd!
* * * LOW HITPOINT WARNING * * *
You feel your power leaking away.
The gnoll hits you from afar with a +0 spear.
* * * LOW HITPOINT WARNING * * *
It was a potion of cancellation.
You feel magically purged. You block the gnoll's attack.
A jelly comes into view.
The gnoll hits you from afar with a +0 spear.
You die...

.......## #.......###
#.......... #......#
#....#.### ##
#..)†#...### ##.
#...)......#####...
#...)..#.........##
##.@...###..####.##.
#..g##.###..........
#..gg....†........#.
###..###.)....#...#.
###...##.....##.....
#.B...........#.....
#.....##......#.....
#.....J..###...........
#.........##.........##


You could see a bombardier beetle, a jelly (wandering) and 3 gnolls.

Vanquished Creatures
  An orc warrior (D:4)
  A bombardier beetle (D:4)
  A jelly (D:5)
  3 orc priests
  2 hounds
  Ijyb (D:4)
  3 iguanas
  An orc wizard (D:3)
  4 adders
  A gnoll (D:5)
  4 ribbon worms
  2 dart slugs
  22 orcs
  9 ball pythons
  6 endoplasms
  2 giant cockroaches
  4 goblins
  4 hobgoblins
  3 kobolds
  3 quokkas
  10 bats
  4 frilled lizards
  3 rats
94 creatures vanquished.

Notes
Turn   | Place    | Note
-------+----------+-------------------------------------------
     0 | D:1      | PidgeyThePirate the Demonspawn Fighter began the quest for
                  | the Orb.
     0 | D:1      | Reached XP level 1. HP: 18/18 MP: 1/1
    92 | D:1      | Gained mutation: You are partially covered in rugged brown
                  | scales. (AC +1, +3% HP) [demonic ancestry]
    92 | D:1      | Reached XP level 2. HP: 11/24 MP: 2/2
   677 | D:2      | Found a faded altar of an unknown god.
   781 | D:2      | Reached XP level 3. HP: 26/29 MP: 3/3
   989 | D:2      | Found an ornate altar of the Wu Jian Council.
  1027 | D:2      | Became a worshipper of the Wu Jian Council
  1486 | D:3      | Gained mutation: You have sharp fingernails. [demonic
                  | ancestry]
  1486 | D:3      | Reached XP level 4. HP: 36/36 MP: 4/4
  1729 | D:3      | Reached * piety under Wu Jian
  1734 | D:3      | Reached skill level 1 in Unarmed Combat
  1734 | D:3      | Gained mutation: Spells you cast may paralyse adjacent
                  | enemies. [demonic ancestry]
  1734 | D:3      | Reached XP level 5. HP: 16/42 MP: 5/5
  2176 | D:3      | Found Oveamaer's Book Emporium.
  2664 | D:4      | Reached skill level 1 in Dodging
  2708 | D:4      | Reached XP level 6. HP: 34/49 MP: 6/6
  2791 | D:4      | Noticed Ijyb
  2805 | D:4      | Killed Ijyb
  2964 | D:4      | Found a hide-covered altar of Uskayaw.
  3278 | D:4      | Noticed an orc warrior
  3290 | D:4      | Killed an orc warrior
  3440 | D:5      | Entered Level 5 of the Dungeon
  3534 | D:5      | Noticed Menkaure
  3669 | D:5      | Found a burning altar of Makhleb.
  3696 | D:5      | Reached XP level 7. HP: 40/55 MP: 7/7
  3847 | D:5      | Slain by a gnoll

Illustrated notes

Levels and vault maps discovered:
D:1:      dpeg_arrival_rooms_c, layout_rooms, serial_bayou_crossing
D:2:      layout_basic, basic_altar, shapermc_ecumenical_altar_venn
D:3:      layout_loops_ring, serial_shops, shop_fountains,
          kennysheep_small_spiral
D:4:      layout_basic, general_overflow_altar, nicolae_tso_swordbearing_angel,
          hangedman_abyss_or_decor_jellyfish_corner, nicolae_nh_ransacked_shop,
          uniq_ijyb
D:5:      layout_cave_pools, mainiacjoe_overflow_catch_the_wave,
          hangedman_glass_teeth, nzn_random_ring, uniq_menkaure

Skill      XL: |  1  2  3  4  5  6 |
---------------+-------------------+-----
Short Blades   | 2 |  2.3
Shields        | 3 4 |  4.0
Armour         | 3 4 |  4.9
Unarmed Combat | 1 2 |  2.4
Dodging        | 1 |  1.4
Fighting       | 4 |  4.4
Stealth        | |  0.7

Action                     |  1- 3 |  4- 6 |  7- 9 || total
---------------------------+-------+-------+-------++-------
  Melee: Rapier            |    63 |       |       ||    63
         Dagger            |    74 |   167 |    34 ||   275
Ability: Lunge             |     3 |    15 |     4 ||    22
         Whirlwind         |       |    13 |    10 ||    23
    Use: Potion            |       |       |     1 ||     1
 Armour: Scale mail        |   105 |    90 |    25 ||   220
  Dodge: Dodged            |    54 |    64 |    18 ||   136
  Block: Buckler           |    37 |    29 |     8 ||    74

Table legend: (Time is in decaauts)
 A = Elapsed time spent in this place.
 B = Non-inter-level travel time spent in this place.
 C = Inter-level travel time spent in this place.
 D = Time resting spent in this place.
 E = Time spent auto-exploring this place.
 F = Levels seen in this place.
 G = Mean time per level.
                   A        B        C        D        E       F      G
               +--------+--------+--------+--------+--------+-----+--------+
         Total |   3846 |   3767 |     79 |      0 |   2883 |   5 |  769.2 |
       Dungeon |   3846 |   3767 |     79 |      0 |   2883 |   5 |  769.2 |
               +--------+--------+--------+--------+--------+-----+--------+

Top non-repeatable levels by time:
     D:4: 1175 daAuts
     D:3: 866 daAuts
     D:2: 794 daAuts
     D:1: 678 daAuts
     D:5: 331 daAuts
